[Event "European Women Blitz-ch 2024"]
[Site "Monaco"]
[Date "2025.01.10"]
[Round "13.1"]
[White "Maltsevskaya, Aleksandra"]
[Black "Khotenashvili, Bella"]
[Result "1-0"]
[Annotator "TA"]
[ECO "B06"]
[WhiteElo "2368"]
[BlackElo "2420"]
[PlyCount "99"]
[EventDate "2025.01.06"]
[EventType "swiss"]
[EventCountry "MNC"]
[SourceTitle "playchess.com"]
[Source "ChessBase"]
[SourceQuality "1"]
[TimeControl "180+2"]

1. e4 c6 2. d4 g6 3. Nf3 Bg7 4. h3 d5 5. e5 Nh6 6. Bd3 O-O 7. O-O f6 8. exf6 exf6 9. c4 Be6 10. Qb3 (10. b3 $14 {was preferable.}) 10... Qb6 11. Nc3 dxc4 12. Bxc4 Qxb3 13. axb3 Bf7 14. Re1 Nf5 15. Bf4 g5 16. Bh2 {[%emt 0:00:29] White is much more active. The black rooks are passive.} Rd8 (16... Nd7 $16) 17. g4 $1 $18 Nh6 {[%emt 0:00:19] [#] Black is weak on the light squares} 18. Re7 $1 Nd7 19. Bc7 Bf8 20. Bxd8 Rxd8 21. Re2 a6 22. Rae1 Nb6 23. Bxf7+ Kxf7 24. Ne4 (24. h4 $18) 24... Nd5 25. Kh2 Ng8 26. h4 Bb4 27. Rd1 h6 28. Kg3 Nge7 29. hxg5 hxg5 30. Rh1 Kg7 $2 {[%emt 0:00:02] [#]} (30... Nf4 $1 $11 {and Black has nothing to worry.} 31. Rc2 Kg7) 31. Nc5 $1 Bxc5 32. dxc5 Ng6 33. Nd4 (33. Re6 $18) 33... Rd7 $2 (33... Ndf4 $16 {is a better chance.} 34. Nf5+ Kf8) 34. Nf5+ Kg8 35. Re8+ Nf8 36. Rhe1 Kf7 37. Nd6+ Kg7 38. Rb8 {[%emt 0:00:02] Black must now prevent Nf5+.} Nf4 39. Rxb7 Rxb7 40. Nxb7 {[%emt 0:00:01][%mdl 4096] Endgame KRN-KNN} N8e6 41. Rd1 Nd5 {[%emt 0:00:02] [#]} 42. b4 $1 Kf7 (42... Nxb4 43. Kf3) 43. Na5 Nxb4 44. Rd7+ Kg6 45. Rd6 Nxc5 46. f3 {[%emt 0:00:03] Against Ne4+} ({And not} 46. Nxc6 Ne4+ 47. Kg2 Nxd6 $11) 46... Na4 47. b3 (47. Nxc6 Nxc6 48. Rxc6 Nxb2 49. Rxa6 Nd3 $18) 47... Nc5 48. Rd4 (48. Nxc6 Nxc6 49. Rxc6 Nxb3 $18) 48... Nbd3 49. b4 ({Weaker is} 49. Nxc6 Nc1 50. Rd6 N1xb3 $18) 49... Nxb4 (49... Nf4 $142 50. Rd6 (50. bxc5 Ne2+ 51. Kf2 Nxd4 $17) 50... Ncd3 51. Nxc6 (51. Rxc6 Ne2+ 52. Kg2 Nef4+ 53. Kh2 Nxb4 $18) 51... Kf7) 50. Rxb4 1-0

[Event "European Women Blitz-ch 2024"]
[Site "Monaco"]
[Date "2025.01.10"]
[Round "13.2"]
[White "Kosteniuk, Alexandra"]
[Black "Roebers, Eline"]
[Result "1-0"]
[Annotator "TA"]
[ECO "B21"]
[WhiteElo "2484"]
[BlackElo "2381"]
[PlyCount "57"]
[EventDate "2025.01.06"]
[EventType "swiss"]
[EventCountry "MNC"]
[SourceTitle "playchess.com"]
[Source "ChessBase"]
[SourceQuality "1"]
[TimeControl "180+2"]

1. e4 c5 2. d4 cxd4 3. Qxd4 Nc6 4. Qd3 Nf6 5. Nc3 e6 6. Bf4 a6 7. O-O-O Qa5 8. Kb1 {[%emt 0:00:13] The position is equal.} Be7 9. h4 O-O {[%emt 0:00:27][%cal Od7d5] [#]} 10. h5 $1 d5 {[%emt 0:00:29] ...d4 is the strong threat.} 11. e5 $1 Nb4 12. Qf3 Ne4 13. a3 $16 Nxc3+ 14. Qxc3 {[%emt 0:00:03][%cal Oh5h6] h6! would now be deadly.} Nc6 15. Qg3 {[%emt 0:00:03] White is more active.} f6 16. Nf3 b5 $2 (16... Qb6 $16 {might work better.}) 17. Nd4 $2 (17. exf6 $18 Bxf6 18. h6) 17... Nxd4 $1 $11 18. Rxd4 {[%emt 0:00:01] Hoping for Bh6.} Qb6 $2 {[%emt 0:00:17][%mdl 8192] [#]} (18... Qe1+ $11 19. Ka2 Rf7) 19. Be3 $2 (19. Bh6 $1 $18 Rf7 20. Rg4) 19... Qc7 $1 $14 20. Rg4 $40 {[%emt 0:00:02][%mdl 128] Black is in trouble.} Rf7 (20... Bd8 $16) 21. h6 $18 g5 22. exf6 Qxg3 23. Rxg3 $2 ({Less strong is} 23. fxg3 Bxf6 24. Rh5 (24. Bxg5 e5 $15) 24... Kh8 $14 (24... e5 25. Rhxg5+ Bxg5 26. Rxg5+ Kh8 27. Bd3 $16)) (23. fxe7 Qxg4 24. e8=Q+ (24. e8=B $2 Qd1+ 25. Ka2 e5 $19) 24... Rf8 25. Qc6 (25. Qe7 Rf7 $18)) 23... Bxf6 24. Bxg5 Kh8 $2 (24... Kf8 25. Bxf6 Rxf6) 25. Bxf6+ $2 (25. Rf3) 25... Rxf6 26. Rh5 Bd7 27. Bd3 Rg8 {[%emt 0:00:00] Prevents Rg7} (27... Be8 $16 {is a better defense.} 28. Rhg5 Bg6) 28. Rg7 Rxh6 (28... Rxg7 $18 29. hxg7+ Kg8) 29. Rxg8+ {[%emt 0:00:02] Weighted Error Value: White=0.90/Black=0.83.  Loses game:     	---       	Black=3      Missed win:     	White=2     	---        Mistake:       	White=2     	Black=4      Inaccurate:     	White=2     	Black=3      OK:         	White=6     	Black=3      Best:        	White=2     	Black=2      Strong:       	White=1     	Black=2} (29. Rxh7+ $142 Rxh7 30. Rxh7#) 1-0

[Event "European Women Blitz-ch 2024"]
[Site "Monaco"]
[Date "2025.01.10"]
[Round "13.3"]
[White "Ushenina, Anna"]
[Black "Rudzinska, Michalina"]
[Result "1-0"]
[Annotator "TA"]
[ECO "D27"]
[WhiteElo "2418"]
[BlackElo "2226"]
[PlyCount "51"]
[EventDate "2025.01.06"]
[EventType "swiss"]
[EventCountry "MNC"]
[SourceTitle "playchess.com"]
[Source "ChessBase"]
[SourceQuality "1"]
[TimeControl "180+2"]

1. Nf3 d5 2. e3 Nf6 3. c4 e6 4. Nc3 dxc4 5. Bxc4 a6 6. O-O b5 7. Bb3 Bb7 8. Qe2 c5 9. d4 Nbd7 10. e4 cxd4 11. Nxd4 Qc7 {[%emt 0:00:35] The position is equal.} 12. Bg5 Bd6 13. h3 ({White should play} 13. Bxe6 $11 Bxh2+ (13... fxe6 14. Nxe6 Qc4 15. Nxg7+ Kf8 16. Qxc4 $11) 14. Kh1 fxe6 15. Nxe6) 13... O-O 14. Rac1 Qb6 15. Rfd1 Be5 {[%emt 0:00:17] [#]} (15... Rad8 $11) 16. Be3 $1 $16 {[%emt 0:00:05][%cal Od4e6] Nxe6! would now be deadly.} b4 $2 {[%emt 0:00:31][%mdl 8192] [#] Black cannot hold the game after this.} (16... Qd8 $16) 17. Nxe6 $1 $18 Qa5 (17... Qxe6 18. Bxe6) 18. Nxf8 Nxf8 19. Nd5 Bxb2 20. Qxb2 Nxe4 21. Qe5 Qb5 22. Qxe4 Re8 23. Qc4 Qa5 {[%emt 0:00:15] [#]} 24. Nf6+ $1 {[%emt 0:00:06] White mates.} gxf6 (24... Kh8 25. Qxf7) 25. Qxf7+ Kh8 26. Qg8# {[%emt 0:00:01] Weighted Error Value: White=0.16 (very precise) /Black=1.24.  Loses game:     	---       	Black=1      Mistake:       	White=1     	Black=1      Inaccurate:     	---       	Black=2      OK:         	White=2     	Black=1      Best:        	White=1     	---        Strong:       	White=1     	---        Brilliant:      	White=1     	---} 1-0

[Event "European Women Blitz-ch 2024"]
[Site "Monaco"]
[Date "2025.01.10"]
[Round "13.4"]
[White "Atalik, Ekaterina"]
[Black "Tsolakidou, Stavroula"]
[Result "0-1"]
[Annotator "TA"]
[ECO "D00"]
[WhiteElo "2395"]
[BlackElo "2451"]
[PlyCount "126"]
[EventDate "2025.01.06"]
[EventType "swiss"]
[EventCountry "MNC"]
[SourceTitle "playchess.com"]
[Source "ChessBase"]
[SourceQuality "1"]
[TimeControl "180+2"]

1. d4 Nf6 2. Nc3 d5 3. Bf4 g6 4. Nb5 Na6 5. e3 Bg7 6. Nf3 O-O 7. Be2 c6 8. Na3 Nc7 9. O-O Nh5 10. Be5 Ne8 11. Bxg7 Kxg7 12. Ne5 Nhf6 13. c4 Ne4 14. Bd3 f6 15. Nf3 Bg4 16. Re1 N8d6 17. c5 Nf7 18. h3 Bxf3 19. gxf3 Neg5 (19... f5 $5) 20. f4 Ne4 (20... Nxh3+ $6 21. Kg2 $14) 21. Bxe4 dxe4 22. Qc2 Qd5 23. Qc4 (23. Rad1 $11) 23... Qf5 $1 $17 24. Kh2 (24. Kg2 $17) 24... g5 (24... Ng5 25. fxg5 Qxf2+ 26. Kh1 Qf3+ (26... Qxb2 $2 27. Nc2 $18) (26... fxg5 27. Qe2 $16) 27. Kh2 Qf2+ (27... fxg5 $2 28. Qe2 $16) 28. Kh1 Qf3+ 29. Kh2 Qf2+ $11) 25. Rg1 Kh8 26. Qe2 gxf4 27. Qg4 Qxg4 28. Rxg4 fxe3 (28... e5 $1 $19 {is more deadly. Hoping for ...Rad8.} 29. dxe5 Nxe5 30. Rxf4 f5) 29. Rxe4 $17 exf2 30. Rf1 e5 31. Rxf2 (31. dxe5 $142 Ng5 (31... fxe5 32. Rxf2 Ng5 33. Rxf8+ Rxf8 34. Re3 $11) (31... Nxe5 32. Nc4 $17) 32. Rf4 fxe5 33. R4xf2 Rxf2+ 34. Rxf2) 31... Ng5 $17 32. Rg4 e4 33. Nc4 (33. Kg2 $17) 33... Nf3+ $19 34. Rxf3 exf3 35. Nd6 Rad8 36. Kg3 Rd7 37. Kxf3 Rg8 38. b4 Rxg4 (38... h5 $1 $19 39. Rf4 Rg1) 39. Kxg4 $15 Kg7 40. Kf4 $2 (40. Kf5 $17) 40... Kg6 $19 41. Nf5 (41. h4 {keeps fighting.}) 41... Kf7 $19 42. a4 Ke6 43. Ke4 Rd5 44. Nd6 $2 (44. Ng7+ Kf7 45. Nf5) 44... b6 45. cxb6 axb6 (45... Kxd6 $2 46. bxa7 Rh5 47. a8=Q $18 (47. a8=B $2 {too greedy.} Rh4+ 48. Kd3 Rxh3+ 49. Kc2 Ra3 $19)) 46. Nc4 c5 47. dxc5 bxc5 48. bxc5 Rxc5 49. Kd4 Rh5 50. a5 Rxh3 51. a6 Rh1 (51... Rh4+ 52. Kc5 Rh5+ 53. Kc6 $17) 52. Kc5 Ra1 53. Kb5 Rxa6 54. Kxa6 h5 55. Kb5 Kd5 56. Ne3+ Ke4 57. Nf1 h4 58. Kc4 f5 59. Kc3 {[%emt 0:00:01] [#]} Kf3 $1 60. Kd2 Kf2 61. Ne3 f4 62. Ng4+ Kg3 63. Ne5 {[%emt 0:00:03] [#]} h3 $1 0-1

[Event "European Women Blitz-ch 2024"]
[Site "Monaco"]
[Date "2025.01.10"]
[Round "13.5"]
[White "Stefanova, Antoaneta"]
[Black "Kulon, Klaudia"]
[Result "1/2-1/2"]
[Annotator "TA"]
[ECO "B08"]
[WhiteElo "2418"]
[BlackElo "2393"]
[PlyCount "86"]
[EventDate "2025.01.06"]
[EventType "swiss"]
[EventCountry "MNC"]
[SourceTitle "playchess.com"]
[Source "ChessBase"]
[SourceQuality "1"]
[TimeControl "180+2"]

1. d4 Nf6 2. Nf3 g6 3. Nc3 Bg7 4. e4 d6 5. Bf4 O-O 6. Qd2 a6 (6... c5 $11 {should be considered.} 7. dxc5 dxc5) 7. Bh6 b5 8. Bd3 c5 (8... Nc6 $1 $14) 9. Bxg7 Kxg7 10. dxc5 dxc5 11. e5 Ng8 12. Qe3 {[%emt 0:00:16][%cal Oe1c1] White is more active.} Bb7 (12... Bg4 $16 {was necessary.}) 13. Qxc5 (13. h4 $18) 13... Nd7 14. Qe3 Qc7 15. Be4 b4 (15... Bxe4 $1 $14 16. Qxe4 Nc5) 16. Bxb7 $16 Qxb7 17. Ne2 Rac8 18. Ned4 (18. e6 $1 fxe6 19. Ned4 (19. Qxe6 Rf6 $14)) 18... Nb6 (18... e6 $142) 19. Rb1 (19. O-O $16) 19... Nc4 20. Qe2 e6 21. O-O Rfd8 ({Black should try} 21... Ne7 $14) 22. c3 a5 (22... Ne7 $14) 23. cxb4 axb4 24. b3 Na3 25. Rbd1 Ne7 (25... h6 $16) 26. h4 $2 (26. Ng5 $18 Kg8 27. Ne4) 26... h5 $2 (26... Nd5 $11 {and Black stays safe.}) 27. Ng5 $18 Kg8 28. Ne4 Nd5 29. Qf3 {[%emt 0:00:05] and g4 should not be overlooked} Qa7 (29... Qc7 $16) 30. Ne2 $2 (30. g4 $18 {and White stays clearly on top.}) 30... Nb5 $16 31. N2g3 (31. Rxd5 {feels hotter.} exd5 32. Nf6+ Kg7 33. Qg3) 31... Qe7 {[%emt 0:00:00] [#]} (31... Nbc3 $14) 32. Nf6+ (32. Rxd5 $1 $18 exd5 33. Nf6+ Kf8 34. Qf4) 32... Nxf6 33. exf6 Qf8 34. Rxd8 Rxd8 35. Qf4 {[%emt 0:00:01] Against Rd2} (35. Rc1 $16) 35... Rd4 {[%emt 0:00:00] [#]} 36. Qg5 (36. Qe3 $1 $16) 36... Rd5 37. Qe3 Nc3 38. a4 $1 Qd8 39. Qf4 ({White should try} 39. Ne4 $14) 39... Rd4 $36 {[%emt 0:00:02][%mdl 2048] Black fights for an advantage.} 40. Qe5 Rd5 41. Qf4 Rd4 42. Qe5 Rd5 43. Qf4 Rd4 1/2-1/2

[Event "European Women Blitz-ch 2024"]
[Site "Monaco"]
[Date "2025.01.10"]
[Round "13.6"]
[White "Arabidze, Meri"]
[Black "Narva, Mai"]
[Result "1-0"]
[Annotator "RC"]
[ECO "A41"]
[WhiteElo "2457"]
[BlackElo "2398"]
[PlyCount "89"]
[EventDate "2025.01.06"]
[EventType "swiss"]
[EventCountry "MNC"]
[SourceTitle "playchess.com"]
[Source "ChessBase"]
[SourceQuality "1"]
[TimeControl "180+2"]

1. d4 g6 2. Nf3 Bg7 3. g3 d6 4. c4 Nd7 5. Nc3 e5 6. Bg2 Ne7 7. O-O O-O 8. dxe5 dxe5 9. Qc2 c6 10. b3 Nc5 11. Ba3 Ne6 12. Rad1 Nd4 13. Nxd4 exd4 14. e3 Bg4 15. Rd2 Bf5 16. Qc1 d3 17. e4 Be6 18. Rfd1 Re8 19. Rxd3 Qa5 20. Bb2 Rad8 21. h3 h5 22. a3 Rxd3 23. Rxd3 Rd8 24. b4 Qc7 25. Rxd8+ Qxd8 26. Na4 Bxb2 27. Nxb2 Qd4 28. h4 b6 29. Qc2 c5 30. Bf1 Nc6 31. bxc5 bxc5 32. Nd3 Qxe4 33. Qc3 Qd4 34. Qxd4 cxd4 35. Nb4 Nxb4 36. axb4 Bf5 37. Kg2 Be4+ 38. f3 Bc2 39. Kf2 Kf8 40. Ke1 Ke7 41. Kd2 Bf5 42. Bd3 Be6 43. c5 f5 44. Be2 g5 45. f4 1-0

[Event "European Women Blitz-ch 2024"]
[Site "Monaco"]
[Date "2025.01.10"]
[Round "13.7"]
[White "Paehtz, Elisabeth"]
[Black "Wagner, Dinara"]
[Result "1/2-1/2"]
[Annotator "ChessBase"]
[ECO "D02"]
[WhiteElo "2428"]
[BlackElo "2437"]
[PlyCount "75"]
[EventDate "2025.01.06"]
[EventType "swiss"]
[EventCountry "MNC"]
[SourceTitle "playchess.com"]
[Source "ChessBase"]
[SourceQuality "1"]
[TimeControl "180+2"]

1. d4 Nf6 2. Nf3 d5 3. c3 c6 4. Bf4 Bf5 5. e3 e6 6. Nbd2 Nbd7 7. Be2 Be7 8. h3 h6 9. Qb3 Qb6 10. Ne5 Nxe5 11. Bxe5 O-O 12. g4 Bg6 13. h4 Ne4 14. Nxe4 Bxe4 15. f3 Bg6 16. h5 Bh7 17. Qxb6 axb6 18. Kd2 b5 19. a3 Rfe8 20. Rag1 f6 21. Bg3 Bd8 22. Bh4 e5 23. Bd1 exd4 24. exd4 Bc7 25. Bg3 Bxg3 26. Rxg3 Re7 27. Re1 Rae8 28. Rgg1 Rxe1 29. Rxe1 Rxe1 30. Kxe1 Kf8 31. Kf2 Ke7 32. Kg3 f5 33. Kf4 fxg4 34. fxg4 Kf6 35. Be2 Bc2 36. Bf3 Bb3 37. Be2 Bc2 38. Bf3 1/2-1/2

[Event "European Women Blitz-ch 2024"]
[Site "Monaco"]
[Date "2025.01.10"]
[Round "13.8"]
[White "Khademalsharieh, Sarasadat"]
[Black "Shvedova, Alexandra"]
[Result "1/2-1/2"]
[Annotator "TA"]
[ECO "E46"]
[WhiteElo "2458"]
[BlackElo "2266"]
[PlyCount "126"]
[EventDate "2025.01.06"]
[EventType "swiss"]
[EventCountry "MNC"]
[SourceTitle "playchess.com"]
[Source "ChessBase"]
[SourceQuality "1"]
[TimeControl "180+2"]

1. d4 Nf6 2. c4 e6 3. Nc3 Bb4 4. e3 O-O 5. Bd2 Re8 6. Bd3 d5 7. Nf3 dxc4 8. Bxc4 c5 9. a3 cxd4 10. axb4 dxc3 11. Bxc3 Qe7 {[%emt 0:00:23] Black is weak on the dark squares} 12. O-O Nbd7 13. Qb3 Nb6 14. Bd3 Bd7 15. Ne5 Red8 16. Bd4 Nfd5 (16... Be8 $14) 17. b5 (17. Bc5 $16 Qf6 18. f4) 17... Be8 $14 18. Rfd1 {[%emt 0:00:04] White has more active pieces.} f6 19. Nc4 Bf7 20. Nxb6 Nxb6 {[%emt 0:00:11] [#]} 21. Rxa7 $2 Rxa7 $2 (21... e5 $19 22. Qc2 exd4 23. Bxh7+ Kh8 24. Rxa8 Rxa8 25. exd4 Nc4) 22. Bxb6 {[%emt 0:00:01] A strong pair of Bishops.} Raa8 ({Black should try} 22... e5 $14 23. Qc3 (23. Bxd8 $2 Bxb3 24. Bxe7 Bxd1 $19) (23. Qc2 Rxd3 24. Qxd3 Ra8 $16) 23... Rxd3 24. Qxd3 Ra2) 23. Bxd8 $16 Rxd8 24. Qc2 g6 25. h3 e5 26. Be2 Kg7 27. Rxd8 Qxd8 {[%emt 0:00:01][%mdl 4096] Endgame KQB-KQB. White is a pawn up.} 28. Bf3 Qb6 29. Qe4 Qxb5 30. Qxb7 Qd3 $2 (30... Qxb7 $16 31. Bxb7 Bc4) 31. Bc6 (31. b4 $142) 31... Kf8 $2 (31... Qb3 {is tougher.} 32. Qxb3 Bxb3) 32. Qb8+ $18 Kg7 33. Qb7 Kf8 $1 34. b4 Qd1+ 35. Kh2 Qd2 36. Qb8+ Kg7 37. Qa7 $2 (37. b5 $18) 37... Kf8 $2 (37... Qxb4 $11 38. Bd5 Qf8) 38. e4 $2 (38. b5 $18) 38... Qxb4 $11 39. Qd7 Qe7 40. Qc8+ Kg7 41. Bd5 Bxd5 42. exd5 {[%emt 0:00:01] KQ-KQ} Kf7 (42... e4 $11 {remains equal.}) 43. Qc6 ({White has to play} 43. Qh8 $16 Qc5 44. Qxh7+ Kf8 45. d6 (45. Qxg6 Qxf2 46. Qe4 Qd2 $16) 45... Qxd6 46. Qxg6) 43... e4 44. d6 Qe5+ 45. g3 Qd4 $2 (45... g5 $11) 46. Kg2 $2 (46. Qd7+ Kg8 47. Qe6+ Kh8 48. Kg2 e3 49. Qe8+ (49. Qxe3 Qxd6 50. Qe4 f5 $11) (49. fxe3 Qd2+ 50. Kf3 Qd1+ 51. Ke4 Qc2+ 52. Kd4 Kg7 $18) 49... Kg7 50. Qe7+ (50. Qxe3 Qxe3 51. fxe3 Kf7 $11) 50... Kg8 51. d7 (51. Qxe3 Qxe3 52. fxe3 Kf7 $11) (51. fxe3 Qd2+ 52. Kf3 Qd1+ 53. Ke4 Qb1+ 54. Kd4 Qb4+ 55. Kd5 Qb5+ 56. Kd4 Qb4+ 57. Kd3 Qb3+ 58. Ke2 Qc2+ 59. Ke1 Qb1+ 60. Kf2 Qc2+ 61. Kf3 Qf5+ 62. Ke2 Qc2+ 63. Ke1 Qc1+ 64. Kf2 Qd2+ 65. Kf3 Qd1+ 66. Kf2 Qc2+ 67. Kg1 Qd1+ 68. Kf2 Qc2+ $11)) 46... Qd3 $2 (46... Ke6 $11) 47. d7 $2 (47. Qc7+ {mates} Ke6 48. Qe7+ (48. Qxh7 Qf3+ 49. Kg1 Kxd6 $11) 48... Kf5 49. d7 (49. Qxh7 Qf3+ 50. Kg1 Qd1+ 51. Kh2 Qxd6 $11) 49... Qf3+ 50. Kg1 Qd1+ 51. Kh2 Qd2 52. Kg2 (52. d8=B Qxf2+ 53. Kh1 Qf3+ 54. Kh2 Qe2+ 55. Kg1 Qe3+ 56. Kg2 Qf3+ 57. Kh2 Qf2+ 58. Kh1 Qf1+ 59. Kh2 Qf2+ $11) (52. g4+ Kg5 $18)) 47... Qf3+ 48. Kg1 Qd1+ 49. Kh2 {[%emt 0:00:01][%cal Oc6c7] White wants to mate with Qc7!.} Qd2 50. Qc4+ Ke7 51. Qxe4+ Kxd7 52. Kg2 Kd8 {[%emt 0:00:03] [#]} (52... Kd6 $11) 53. Qa8+ (53. Qe6 $1 $16 ) 53... Ke7 54. Qh8 Qd5+ 55. Kh2 Qd4 56. Qxh7+ Kd6 $1 57. Kg1 Qd1+ 58. Kg2 {[%emt 0:00:01][%cal Oh7f7] Strongly threatening Qf7!.} Qd5+ 59. Kh2 Qd4 60. Kg2 Qd5+ 61. Kh2 Qd4 62. Kg1 Qd1+ 63. Kh2 Qd4 $1 1/2-1/2

[Event "European Women Blitz-ch 2024"]
[Site "Monaco"]
[Date "2025.01.10"]
[Round "13.9"]
[White "Batsiashvili, Nino"]
[Black "Charkhalashvili, Inga"]
[Result "1-0"]
[Annotator "TA"]
[ECO "D46"]
[WhiteElo "2476"]
[BlackElo "2240"]
[PlyCount "68"]
[EventDate "2025.01.06"]
[EventType "swiss"]
[EventCountry "MNC"]
[SourceTitle "playchess.com"]
[Source "ChessBase"]
[SourceQuality "1"]
[TimeControl "180+2"]

1. d4 Nf6 2. c4 e6 3. Nc3 d5 4. Nf3 c6 5. e3 Be7 6. Be2 O-O 7. O-O Nbd7 8. Qc2 dxc4 9. Bxc4 b5 10. Bd3 Bb7 11. e4 h6 12. a3 (12. e5 $16) 12... b4 (12... c5 $11 {remains equal.}) 13. axb4 $16 Bxb4 14. Qe2 Bxc3 (14... Qe7 $16) 15. bxc3 $18 Re8 16. e5 Nd5 {[%emt 0:00:01] [#]} 17. Qe4 $1 Nf8 {[%emt 0:00:01] Against Qh7+} 18. Bd2 {[%emt 0:00:02] and Qg4 should not be overlooked Black is weak on the dark squares} Ne7 19. Rfb1 Qc7 20. Qg4 Kh8 21. Be4 (21. Qh5 $18) 21... Ng8 (21... Reb8 $16) 22. h4 $2 (22. c4 $18) 22... a5 (22... f5 $14 23. exf6 Nxf6) 23. Qf4 a4 (23... Reb8 {is a better defense.} 24. c4 Ng6) 24. Bc1 Ng6 25. Qe3 N8e7 26. c4 {[%emt 0:00:05] Dodges Nd5} Nf5 27. Bxf5 ({White should play} 27. Qc3 $18) 27... exf5 $16 28. h5 Nf8 29. Ba3 Ne6 30. Bd6 $36 {[%emt 0:00:03][%mdl 2048] White has strong initiative.} Qd7 31. Qd3 {[%emt 0:00:06] White is much more active.} c5 $2 32. d5 $18 (32. Bxc5 $2 Nxc5 33. Rxb7 Nxb7 $19 (33... Nxd3 $2 {too greedy.} 34. Rxd7 a3 35. Rb7 $18)) ({Not} 32. dxc5 Be4 33. Qa3 Bxb1 34. Rxb1 Qc6 $17) 32... Nd8 33. Bxc5 Rc8 34. Bd4 Ba6 1-0

[Event "European Women Blitz-ch 2024"]
[Site "Monaco"]
[Date "2025.01.10"]
[Round "13.10"]
[White "Osmak, Yuliia"]
[Black "Cramling, Pia"]
[Result "0-1"]
[Annotator "TA"]
[ECO "A00"]
[WhiteElo "2463"]
[BlackElo "2416"]
[PlyCount "96"]
[EventDate "2025.01.06"]
[EventType "swiss"]
[EventCountry "MNC"]
[SourceTitle "playchess.com"]
[Source "ChessBase"]
[SourceQuality "1"]
[TimeControl "180+2"]

1. b4 d5 2. Bb2 Bg4 3. h3 Bh5 4. g4 Bg6 5. Bg2 e6 6. b5 {[%emt 0:00:02] A00: Irregular Openings.} a6 $146 ({Predecessor:} 6... c6 7. bxc6 Nxc6 8. c3 Qb6 9. Qb3 Qc7 10. Nf3 Nf6 11. d3 Bc5 12. Nbd2 a6 {0-1 Tanacs,I-Rozsnyai,J (1834) HUN-chT2 Toth 1011 2010 (7.12)}) 7. c4 axb5 8. cxb5 h5 9. Nf3 hxg4 10. hxg4 Rxh1+ 11. Bxh1 Nd7 12. a4 Ngf6 13. g5 Ne4 14. d3 Bb4+ 15. Kf1 Nxg5 16. Bxg7 $2 {[%emt 0:00:10] [#]} (16. Nbd2 $17) 16... Nxf3 $1 $19 17. Bxf3 Qh4 18. Nd2 $2 (18. Bc3) 18... Bh5 19. e3 Bxd2 (19... Bg6 $19 {and Black stays clearly on top.} 20. e4 f6) 20. Bxh5 $17 Qh1+ 21. Ke2 Qxh5+ 22. Kxd2 Qf5 23. Qe2 (23. Bc3 $17 {is a better defense.}) 23... f6 $19 24. Bh6 Nc5 25. Kc2 {[%emt 0:00:09] [#]} e5 $1 (25... Rxa4 26. Rxa4 Nxa4 27. f3) (25... Nxa4 26. Qe1) 26. f3 $2 (26. a5) 26... Qg6 $19 (26... Rxa4 27. Rxa4 Nxa4 28. Qg2 $17) (26... Nxa4 27. Qg2 Qh7 28. Qg4 Qxh6 29. Rxa4 Rxa4 30. Qxa4 Qxe3 31. b6+ Kd8 32. Qa3 $19) 27. Rh1 (27. a5 $142) 27... Rxa4 $19 28. Kb1 Rb4+ 29. Ka2 Nxd3 (29... Qg8 $142 30. Ka1 Kd7 (30... Rxb5 $2 31. d4 $19)) 30. Qc2 Rb2+ 31. Qxb2 Nxb2 32. Kxb2 Qd3 (32... Qg2+ $142 33. Kb3 Qxh1 34. Bg7 Qxf3 35. b6 Qxe3+ (35... cxb6 36. Bh6 d4 37. Kc2 dxe3 38. Kb2 Qe2+ 39. Kc3 Qd2+ 40. Kb3 Qd3+ 41. Ka4 e2 42. Bd2 Qxd2 43. Kb5 Qa5+ 44. Kc4 e1=Q 45. Kd3 Qac3#) 36. Kc2 cxb6 37. Kd1 d4 38. Bh6 Qxh6 39. Kc2 Qh2+ 40. Kb3 Qe2 41. Ka3 Qc2 42. Kb4 Qa2 43. Kb5 Qb3#) 33. Bg7 Kf7 34. Bh8 Qxb5+ 35. Kc3 Qc4+ 36. Kd2 Qb4+ 37. Kc2 Qa4+ 38. Kb2 Qb5+ 39. Kc3 Qc5+ 40. Kd3 Qc4+ 41. Kd2 d4 42. exd4 Qxd4+ 43. Ke2 b5 (43... e4 $142 44. Rh7+ Ke6 45. Bxf6 Kxf6 46. Rh6+ Kg5 47. Rh2 Qb2+ 48. Ke3 Qxh2 49. Kxe4 Qe2+ 50. Kd5 Kf5 (50... Qxf3+ {gets mated.} 51. Kc4 Kf5 52. Kb4 Ke4 53. Kc4 Qa3 54. Kb5 Qc3 55. Ka4 c5 56. Kb5 Qb4#) 51. Kc5 Qxf3 52. Kb4 Ke4 53. Kc4 Qa3 54. Kb5 Qc3 55. Ka4 c5 56. Kb5 Qb4#) 44. Rh6 Qf4 45. Rh7+ Kg8 46. Rh1 b4 47. Kd3 c5 48. Kc2 c4 0-1